 Dungeon Crawl Stone Soup version 0.29-a0-721-g7f417c9bbb (webtiles) character file.

Game seed: 14761551139012582561

72 ytrimaz the Trooper (level 4, 0/36 HPs)
             Began as a Demonspawn Fighter on June 28, 2022.
             Slain by a rat (1 damage)
             ... on level 3 of the Dungeon.
             The game lasted 00:02:39 (2144 turns).

ytrimaz the Trooper (Demonspawn Fighter)            Turns: 2144, Time: 00:02:39

Health: 0/36       AC: 12    Str: 17 (18) XL:     4   Next: 6%
Magic:  4/4        EV:  7    Int:  9 (10) God:
Gold:   73         SH:  0    Dex: 10 (12) Spells: 3/3 levels left

rFire   . . .      SeeInvis .   a - +0 war axe
rCold   . . .      Faith    .   c - +0 buckler
rNeg    . . .      Spirit   .   e - +0 plate armour
rPois   .          Reflect  .   (helmet restricted)
rElec   .          Harm     .   (no cloak)
rCorr   .          Rampage  .   f - +0 pair of gloves
Will    .....                   (no boots)
Stlth   ..........              (no amulet)
HPRegen 0.12/turn               (no ring)
MPRegen 0.09/turn               (no ring)

@: confused, mighty, ambrosia-drunk, flying
A: antennae 1, sturdy frame 2
a: no special abilities


You were on level 3 of the Dungeon.
You visited 1 branch of the dungeon, and saw 3 of its levels.

You collected 73 gold pieces.

Inventory:

Hand Weapons
 a - a +0 war axe (weapon)
Missiles
 h - 5 boomerangs of dispersal (quivered)
 k - 4 boomerangs
Armour
 c - a +0 buckler (worn)
 e - a +0 plate armour (worn)
 f - a +0 pair of gloves (worn)
Potions
 g - a potion of flight
 i - a potion of ambrosia
 j - a potion of lignification {unknown}


   Skills:
 * Level 3.6 Fighting
 * Level 3.1 Axes
 - Level 2.9 Armour
 + Level 2.8 Shields


You had 3 spell levels left.
You didn't know any spells.
Your spell library was empty.

Dungeon Overview and Level Annotations

Branches:
Dungeon (3/15)

Altars:


Innate Abilities, Weirdness & Mutations

You have a pair of small antennae on your head.
Your movements are less encumbered by armour. (ER -4)


Message History

You miss the orc priest.
The orc priest is moderately wounded.
You closely miss the orc. You slash the dart slug!
You kill the dart slug!
You slash the orc!
You kill the orc!
You hit the orc wizard. You barely miss the orc.
The orc hits you but does no damage.
The orc priest hits you but does no damage.
The orc barely misses you.
You have reached level 4!
You feel clever.
Your demonic ancestry asserts itself...
You feel less encumbered by your armour.
Unknown command.
Unknown command.
It was a potion of degeneration.
There was something very wrong with that liquid.
You feel weakened.
You feel dopey.
You feel clumsy. The orc barely misses you. The orc wizard closely misses you.
The orc priest hits you but does no damage.
The orc hits you with a +0 war axe.
* * * LOW HITPOINT WARNING * * *
The orc hits you but does no damage. The rat closely misses you.
It was a potion of flight.
You feel very buoyant.
You fly up into the air.
The orc hits you but does no damage.
The orc wizard hits you with a +0 dagger.
* * * LOW HITPOINT WARNING * * *
The orc hits you but does no damage.
The orc priest calls down the wrath of Beogh upon you.
You barely resist. The orc hits you but does no damage.
The rat bites you but does no damage.
It was a potion of ambrosia.
You are more confused.
You feel invigorated. The orc hits you with a +0 club.
* * * LOW HITPOINT WARNING * * *
The orc wizard hits you but does no damage.
The orc hits you but does no damage. The orc priest barely misses you.
The orc completely misses you. The rat bites you.
You die...

.......................
........................
..........†.............
........................
........................
........................
........................
...............r........
..............o@o......
..............ooo......
......[............
..................
.................
...^.............
................
.............).


You could see an orc priest, an orc wizard, 3 orcs and a rat.

Vanquished Creatures
  2 adders (D:2)
  2 worms
  A dart slug (D:3)
  3 orcs (D:3)
  4 bats
  6 endoplasms
  4 giant cockroaches
  A goblin (D:1)
  3 hobgoblins
  2 jackals (D:1)
  3 quokkas
  A ball python (D:1)
  2 frilled lizards
  3 kobolds (D:1)
  3 rats
40 creatures vanquished.

Notes
Turn   | Place    | Note
-------+----------+-------------------------------------------
     0 | D:1      | ytrimaz the Demonspawn Fighter began the quest for the Orb.
     0 | D:1      | Reached XP level 1. HP: 18/18 MP: 1/1
   148 | D:1      | Found a faded altar of an unknown god.
   168 | D:1      | Gained mutation: Your movements are slightly less
                  | encumbered by armour. (ER -2) [demonic ancestry]
   168 | D:1      | Reached XP level 2. HP: 17/24 MP: 2/2
  1014 | D:2      | Gained mutation: You have a pair of small antennae on your
                  | head. [demonic ancestry]
  1014 | D:2      | Reached XP level 3. HP: 10/29 MP: 3/3
  2142 | D:3      | Gained mutation: Your movements are less encumbered by
                  | armour. (ER -4) [demonic ancestry]
  2142 | D:3      | Reached XP level 4. HP: 6/36 MP: 4/4
  2143 | D:3      | HP: 1/36 [orc wizard/+0 dagger (1)]
  2144 | D:3      | Slain by a rat

Illustrated notes

Levels and vault maps discovered:
D:1:      sevenhm_arrival_forest_fort_small_4, layout_loops_cross,
          hellmonk_ecumenical_altar_pennies_from_heaven
D:2:      layout_loops_ring
D:3:      layout_basic, uniq_sigmund

Skill      XL: |  1  2  3 |
---------------+----------+-----
Axes           | 2 3 |  3.1
Fighting       | |  3.6
Armour         | |  2.9
Shields        | |  2.8

Action                   |  1- 3 |  4- 6 || total
-------------------------+-------+-------++-------
Melee: War axe           |   121 |       ||   121
  Use: Scroll            |     3 |       ||     3
       Potion            |     1 |     3 ||     4
Armor: Plate armour      |   105 |     8 ||   113
       Scale mail        |     1 |       ||     1
Dodge: Dodged            |    42 |     5 ||    47
Block: Buckler           |    28 |       ||    28

Table legend: (Time is in decaauts)
 A = Elapsed time spent in this place.
 B = Non-inter-level travel time spent in this place.
 C = Inter-level travel time spent in this place.
 D = Time resting spent in this place.
 E = Time spent auto-exploring this place.
 F = Levels seen in this place.
 G = Mean time per level.
                   A        B        C        D        E       F      G
               +--------+--------+--------+--------+--------+-----+--------+
         Total |   2204 |   2160 |     44 |    340 |   1430 |   3 |  734.7 |
       Dungeon |   2204 |   2160 |     44 |    340 |   1430 |   3 |  734.7 |
               +--------+--------+--------+--------+--------+-----+--------+

Top non-repeatable levels by time:
     D:2: 1115 daAuts
     D:1: 999 daAuts
     D:3: 89 daAuts
